 Dungeon Crawl Stone Soup version 0.23.1-37-gaa34b87b72 (webtiles) character file.

Game seed: 10566639934432865477

116 Elpenore the Sneak (level 5, -2/28 HPs)
             Began as a Kobold Enchanter on Mar 25, 2019.
             Slain by an orc
             ... wielding a cursed +0 whip
              (4 damage)
             ... while paralysed by an orc
             ... on level 3 of the Dungeon.
             The game lasted 00:49:23 (3470 turns).

Elpenore the Sneak (Kobold Enchanter)               Turns: 3470, Time: 00:49:23

Health: -2/28      AC:  2    Str:  6    XL:     5   Next: 21%
Magic:  5/9        EV:  3    Int: 16    God:
Gold:   160        SH:  0    Dex: 16    Spells: 3/9 levels left

rFire    . . .     SeeInvis .   a - +1 dagger
rCold    . . .     Gourm    .   (shield restricted)
rNeg     . . .     Faith    .   b - +0 robe
rPois    .         Spirit   .   (no helmet)
rElec    .         Reflect  .   p - scarf {cloud immunity}
rCorr    .         Harm     .   (no gloves)
MR       .....                  (no boots)
Stlth    +++.......             (no amulet)
HPRegen  0.09/turn              (no ring)
MPRegen  0.11/turn              (no ring)

@: paralysed
A: small, carnivore
a: no special abilities


You were on level 3 of the Dungeon.
You were very full.

You visited 1 branch of the dungeon, and saw 3 of its levels.

You collected 160 gold pieces.

Inventory:

Hand Weapons
 a - a +1 dagger (weapon)
Armour
 b - a +0 robe (worn)
 p - a scarf of cloud immunity (worn)
Wands
 r - a wand of disintegration (9)
Scrolls
 c - 3 scrolls of remove curse {unknown}
 g - a scroll of teleportation {unknown}
 j - a scroll of immolation {unknown}
 k - 3 scrolls of identify {unknown}
 n - a scroll of fog {unknown}
 q - a scroll of enchant armour {unknown}
 s - a scroll of enchant weapon {unknown}
 t - a scroll of random uselessness {unknown}
Potions
 e - a potion of mutation {unknown}
 f - a potion of heal wounds {unknown}
 h - 2 potions of agility {unknown}
 i - a potion of flight {unknown}
 l - 3 potions of curing
 m - a potion of ambrosia
 o - 2 potions of lignification {unknown}
Comestibles
 d - 5 rations


   Skills:
 + Level 3.0 Short Blades
 + Level 3.3 Dodging
 * Level 4.8 Stealth
 + Level 2.8 Spellcasting
 + Level 3.5 Hexes
 + Level 1.1 Ice Magic


You had 3 spell levels left.
You knew the following spells:

 Your Spells              Type           Power        Failure   Level  Hunger
a - Corona                Hex            ##.....      4%          1    #......
b - Ensorcelled Hibernat  Hex/Ice        #.....       11%         2    ##.....
c - Confuse               Hex            ##......     14%         3    ###....

Your spell library contained the following spells:

 Spells                   Type           Power        Failure   Level  Hunger
 Tukima's Dance           Hex            ##......     14%         3    ###....
 Dazzling Spray           Conj/Hex       #.....       28%         3    ###....


Dungeon Overview and Level Annotations

Branches:
Dungeon (3/15)

Altars:
Cheibriados


Innate Abilities, Weirdness & Mutations

You are small and have problems with some larger weapons.
You are carnivorous and can eat meat at any time.


Message History

The orc is almost dead.
You closely miss the orc.
The orc is almost dead.
The orc closely misses you.
You barely miss the orc.
The orc is almost dead.
The orc misses you.
You hit the orc.
You kill the orc!
You hit the orc.
The orc is heavily wounded.
The orc zaps a wand.
You suddenly lose the ability to move!
The orc hits you but does no damage. The orc hits you with a cursed +0 whip.
* * * LOW HITPOINT WARNING * * *
The orc hits you with a cursed +0 whip.
* * * LOW HITPOINT WARNING * * *
The orc hits you with a cursed +0 whip.
You die...

####.#######
#...........
#.##.######.
#.##.# #.##.#
#.##.##
#.##..#
#.###.##
#@###..##
#o##....###.#
#...........#
####...##.###
####.##
#.≈.†.#
#♣..≈≈...oo..
#.≈≈♣..#####.
##...(.#


You could see an orc.

Vanquished Creatures
  A gnoll (D:1)
  4 adders
  A worm (D:3)
  A dart slug (D:1)
  3 leopard geckos
  2 orcs (D:3)
  6 giant cockroaches
  7 goblins
  5 hobgoblins
  2 ball pythons (D:3)
  7 bats
  2 frilled lizards
  9 kobolds
  11 rats
61 creatures vanquished.

Notes
Turn   | Place    | Note
-------+----------+-------------------------------------------
     0 | D:1      | Elpenore the Kobold Enchanter began the quest for the Orb.
     0 | D:1      | Reached XP level 1. HP: 10/10 MP: 3/3
     2 | D:1      | Noticed an octopode
     2 | D:1      | Noticed a merfolk
     4 | D:1      | Noticed a vine stalker
     4 | D:1      | Noticed a dwarf
     6 | D:1      | Noticed an ogre
     6 | D:1      | Noticed a demonspawn
     8 | D:1      | Noticed a troll
     8 | D:1      | Noticed a ghoul
    10 | D:1      | Noticed a naga
    10 | D:1      | Noticed a centaur
    12 | D:1      | Noticed a vampire
    14 | D:1      | Noticed a formicid
    16 | D:1      | Noticed a tengu
    19 | D:1      | Noticed a felid
    19 | D:1      | Noticed an elf
    21 | D:1      | Noticed a demigod
    21 | D:1      | Noticed a spriggan
    23 | D:1      | Noticed a gargoyle
    23 | D:1      | Noticed a minotaur
    25 | D:1      | Noticed a halfling
    25 | D:1      | Noticed a draconian
    27 | D:1      | Noticed a human
    37 | D:1      | Reached XP level 2. HP: 15/15 MP: 5/5
    86 | D:1      | Learned a level 2 spell: Ensorcelled Hibernation
   355 | D:1      | Reached skill level 2 in Short Blades
   616 | D:1      | Reached XP level 3. HP: 19/19 MP: 6/6
  1680 | D:1      | Learned a level 3 spell: Confuse
  1725 | D:2      | Reached skill level 3 in Dodging
  1725 | D:2      | Reached XP level 4. HP: 16/24 MP: 0/7
  2242 | D:2      | Reached skill level 1 in Ice Magic
  2594 | D:3      | Found a snail-covered altar of Cheibriados.
  3130 | D:3      | Reached XP level 5. HP: 28/28 MP: 9/9
  3265 | D:3      | Reached skill level 3 in Short Blades
  3466 | D:3      | Paralysed by an orc for 4 turns
  3469 | D:3      | HP: 1/28 [orc/cursed +0 whip (6)]
  3470 | D:3      | Slain by an orc

Skill      XL: |  1  2  3  4  5 |
---------------+----------------+-----
Short Blades   | 2 3 |  3.0
Dodging        | 3 |  3.3
Ice Magic      | 1 |  1.1
Stealth        | |  4.8
Spellcasting   | |  2.8
Hexes          | |  3.5

Action                   |  1- 3 |  4- 6 || total
-------------------------+-------+-------++-------
Melee: Dagger            |   105 |   154 ||   259
 Cast: Ensorcelled Hiber |    14 |    33 ||    47
  Use: Potion            |       |     1 ||     1
 Stab: Sleeping          |    16 |    17 ||    33
  Eat: Chunk             |     8 |    11 ||    19
Armor: Robe              |    17 |    16 ||    33
Dodge: Dodged            |    92 |   126 ||   218
